 Dungeon Crawl Stone Soup version 0.28-a0-695-gff097466f2 (webtiles) character file.

Game seed: 8842764699085659385

853 kae the Changer (level 7, -6/52 HPs)
             Began as a Pale Draconian Transmuter on Oct 22, 2021.
             Was an Initiate of Ru.
             Splashed by a jelly's acid (8 damage)
             ... on level 5 of the Dungeon.
             The game lasted 00:04:21 (5918 turns).

kae the Changer (Pale Draconian Transmuter)         Turns: 5918, Time: 00:04:22

Health: -6/52      AC: -10   Str: 12    XL:     7   Next: 70%
Magic:  5/10       EV: 19    Int: 15    God:    Ru [......]
Gold:   221        SH:  0    Dex: 17    Spells: 2/10 levels left

rFire   . . .      SeeInvis .     - Unarmed
rCold   . . .      Faith    .   (shield currently unavailable)
rNeg    . . .      Spirit   .   (armour unavailable)
rPois   x          Reflect  .   (helmet currently unavailable)
rElec   .          Harm     .   (cloak currently unavailable)
rCorr   .          Rampage  .   (gloves currently unavailable)
Will    .....                   (boots currently unavailable)
Stlth   ++........              (no amulet)
HPRegen 0.17/turn               (no ring)
MPRegen 0.12/turn               (no ring)

@: spider-form, corroded, studying Bows
A: venomous fangs, (breathe steam), AC +6, tiny, unfitting armour,
(cold-blooded), (steam resistance)
a: End Transformation, Renounce Religion


You were on level 5 of the Dungeon.
You worshipped Ru.
Ru was noncommittal.
You were a venomous arachnid creature.
You visited 2 branches of the dungeon, and saw 6 of its levels.

You collected 221 gold pieces.

Inventory:

Armour
 i - a +2 hat
Jewellery
 e - a ring of ice
 k - a ring of magical power
 p - a ring of see invisible
Wands
 o - a wand of iceblast (8)
Scrolls
 b - a scroll of brand weapon
 c - 3 scrolls of amnesia
 j - a scroll of fear
 r - a scroll of identify
Potions
 d - a potion of haste {unknown}
 f - 2 potions of might {unknown}
 g - a potion of resistance
 h - a potion of cancellation
 l - a potion of flight
 m - a potion of lignification {unknown}
 n - 2 potions of curing {unknown}
 q - a potion of invisibility {unknown}


   Skills:
 - Level 1.1 Fighting
 - Level 1.7 Dodging
 + Level 5.0 Unarmed Combat
 - Level 2.0 Spellcasting
 * Level 6.5 Transmutations
 * Level 3.6 Ice Magic
 - Level 2.0 Poison Magic


You had 2 spell levels left.
You knew the following spells:

 Your Spells              Type           Power      Damage    Failure   Level
a - Beastly Appendage     Tmut           42%        N/A       7%          1
b - Spider Form           Tmut/Pois      7%         N/A       28%         3
c - Ice Form              Ice/Tmut       16%        N/A       47%         4

Your spell library contained the following spells:

 Spells                   Type           Power      Damage    Failure   Level
 Wereblood                Tmut           21%        N/A       9%          2
 Animate Skeleton         Necr           2%         N/A       43%         1
 Apportation              Tloc           2%         N/A       43%         1
 Pain                     Necr           4%         1d4       43%         1
 Summon Small Mammal      Summ           4%         N/A       43%         1
 Sublimation of Blood     Necr           0%         N/A       54%         2
 Ozocubu's Armour         Ice            12%        N/A       32%         3
 Dazzling Flash           Conj/Hex       2%         N/A       75%         3
 Vampiric Draining        Necr           0%         2d6       75%         3
 Metabolic Englaciation   Hex/Ice        3%         N/A       99%         5
 Agony                    Necr           1%         N/A       100%        5
 Silence                  Hex/Air        0%         N/A       100%        5
 Simulacrum               Ice/Necr       3%         N/A       100%        6
 Summon Hydra             Summ           0%         N/A       100%        7


Dungeon Overview and Level Annotations

Branches:
Dungeon (5/15)             Temple (1/1) D:5

Altars:
Dithmenos
Elyvilon
Fedhas
Gozag
Kikubaaqudgha
Makhleb
Nemelex Xobeh
Okawaru
Ru
Sif Muna
Trog
Uskayaw
Vehumet
Wu Jian
Xom
Yredelemnul
Zin
The Shining One

Shops:
D:3 [

Annotations:
D:3 2 transporters


Innate Abilities, Weirdness & Mutations

You are a venomous arachnid creature.
You have poisonous fangs.
You are tiny and dextrous.
Your spellcasting is less reliable in this form.
Your armour is entirely melded.
You are incapable of wielding weapons or throwing items.
((You can breathe blasts of scalding, opaque steam.))
((Your pale cyan-grey scales are hard. (AC +6)))
You cannot fit into any form of body armour.
((You are cold-blooded and may be slowed by cold attacks.))
((You are immune to the effects of steam.))


Message History

You are too injured to fight recklessly!
You are too injured to fight recklessly!
A jelly is nearby!
Casting: Spider Form (dangerous; 12% risk of failure)
Confirm with . or Enter, or press ? or * to list all spells.
You turn into a venomous arachnid creature.
The jelly completely misses you. The jelly misses you.
You are too injured to fight recklessly!
You are too injured to fight recklessly!
You are too injured to fight recklessly!
You are too injured to fight recklessly!
You hit the jelly. The acid corrodes you!
Your front legs burn!
The jelly is moderately wounded.
The jelly barely misses you.
You hit the jelly.
Your front legs burn!
The jelly is heavily wounded.
The jelly misses you.
You hit the jelly but do no damage.
Your front legs burn!
The jelly is heavily wounded.
The jelly misses you.
You hit the jelly.
The jelly is poisoned.
Your front legs burn!
* * * LOW HITPOINT WARNING * * *
The jelly is heavily wounded.
The jelly hits you.
* * * LOW HITPOINT WARNING * * *
The acid corrodes you!
You are splashed with acid!
* * * LOW HITPOINT WARNING * * *
Your magical contamination has completely faded away.
You hit the jelly.
Your front legs burn!
* * * LOW HITPOINT WARNING * * *
The jelly is severely wounded.
The jelly misses you.
You hit the jelly.
Your front legs burn!
* * * LOW HITPOINT WARNING * * *
The jelly is almost dead.
The jelly hits you.
* * * LOW HITPOINT WARNING * * *
You are splashed with acid!
You die...

#.# #...# #..#
#...#..... #.# #...#
#..# #.#...#.>. #.#
##...###..###
#...#..... #.#
#............
####...#.#. #.#
#....###รท.####.#
##..)...
#.####....###.#...#.##
#.#.#.#
#.....................
...#....
#######.##....J...###
#####.#.
#.......s.[#.# #...
#[#####.<..# .## ####
#.# #.##.# #.# #.#
#.##.##.# #.#
#.##.#..#
#.#####.##..#
#.......##.## #
####........#.#
#..........#


You could see a jelly (very poisoned).

Vanquished Creatures
  Sigmund (D:3)
  An ice beast (D:5)
  A necrophage (D:4)
  2 ogres
  2 howler monkeys (D:5)
  A hound (D:5)
  An iguana (D:5)
  An orc wizard (D:4)
  Robin (D:3)
  9 adders
  An ufetubus (D:5)
  An adder skeleton (D:4)
  3 worms
  2 dart slugs
  3 orcs
  9 ball pythons
  7 endoplasms
  2 giant cockroaches (D:4)
  13 goblins
  7 hobgoblins
  3 kobolds
  2 quokkas
  6 bats
  4 frilled lizards
  12 rats
95 creatures vanquished.

Notes
Turn   | Place    | Note
-------+----------+-------------------------------------------
     0 | D:1      | kae the Draconian Transmuter began the quest for the Orb.
     0 | D:1      | Reached XP level 1. HP: 16/16 MP: 3/3
   434 | D:1      | Found a faded altar of an unknown god.
   443 | D:1      | Reached XP level 2. HP: 23/23 MP: 3/5
  1031 | D:1      | Reached skill level 3 in Transmutations
  1550 | D:2      | Reached XP level 3. HP: 27/28 MP: 4/6
  1554 | D:2      | Learned a level 3 spell: Spider Form
  2013 | D:3      | Reached XP level 4. HP: 35/35 MP: 5/7
  2043 | D:3      | Reached skill level 1 in Poison Magic
  2326 | D:3      | Found Soedwuorph's Antique Armour Shop.
  2343 | D:3      | Noticed Robin
  2387 | D:3      | Killed Robin
  2642 | D:3      | Found a transporter.
  2660 | D:3      | Noticed Sigmund
  2679 | D:2      | Reached skill level 4 in Transmutations
  2985 | D:3      | Killed Sigmund
  2986 | D:3      | Reached skill level 5 in Transmutations
  2986 | D:3      | Reached XP level 5. HP: 25/40 MP: 5/8
  2986 | D:3      | Reached XP level 6. HP: 30/47 MP: 5/9
  3106 | D:3      | Found a transporter.
  3112 | D:3      | Learned a level 4 spell: Ice Form
  3376 | D:4      | Reached skill level 1 in Ice Magic
  3548 | D:3      | HP: 2/47 [orc (6)]
  3557 | D:3      | HP: 1/47 [orc (3)]
  4147 | D:4      | Found a glowing silver altar of Zin.
  4622 | D:5      | Entered Level 5 of the Dungeon
  4622 | D:5      | Found a staircase to the Ecumenical Temple.
  4631 | D:5      | Your scales start taking on a pale cyan-grey colour.
  4631 | D:5      | Reached XP level 7. HP: 51/52 MP: 6/10
  4631 | D:5      | Gained mutation: You are immune to the effects of steam.
                  | [Pale Draconian growth]
  4638 | Temple   | Entered the Ecumenical Temple
  4872 | Temple   | Became a worshipper of Ru the Awakened
  4912 | D:5      | Reached skill level 6 in Transmutations
  5197 | D:5      | Found a shimmering altar of Xom.
  5206 | D:5      | Found an opulent altar of Gozag.
  5750 | D:5      | Reached skill level 5 in Unarmed Combat
  5918 | D:5      | HP: 2/52 [jelly (1)]
  5918 | D:5      | Splashed by a jelly's acid

Illustrated notes

Levels and vault maps discovered:
D:1:      elethiomel_arrival_maze, layout_loops_ring,
          dreamdust_ecumenical_altar_statues, minivault_25,
          minmay_split_cup_large
D:2:      layout_rooms, minmay_tall_x
D:3:      gammafunk_steamed_eel, layout_basic, serial_shops, shop, uniq_robin,
          uniq_sigmund
D:4:      layout_rooms, zin_statuary, minmay_manual_mullet
D:5:      layout_loops_ring, mainiacjoe_overflow_swirl,
          minmay_temple_entry_sparse_star, minmay_misc_feat_tower
Temple:   regret_index_temple_generic_petals

Skill      XL: |  1  2  3  4  5  6  7 |
---------------+----------------------+-----
Transmutations | 3 5 6 |  6.5
Poison Magic   | 2 |  2.0
Unarmed Combat | 4 5 |  5.0
Ice Magic      | 2 3 |  3.6
Fighting       | |  1.1
Dodging        | |  1.7
Spellcasting   | |  2.0

Action                   |  1- 3 |  4- 6 |  7- 9 || total
-------------------------+-------+-------+-------++-------
Melee: Unarmed           |   112 |   141 |    59 ||   312
       Kick              |    12 |     5 |       ||    17
       Headbutt          |    11 |     7 |       ||    18
       Tailslap          |    12 |     7 |       ||    19
       Punch             |       |     3 |       ||     3
 Cast: Beastly Appendage |    22 |    14 |       ||    36
       Spider Form       |       |    10 |     8 ||    18
  Use: Scroll            |     4 |     6 |     1 ||    11
 Stab: Distracted        |       |       |     1 ||     1
Armor: Skin              |    43 |    34 |     5 ||    82
Dodge: Dodged            |    92 |   108 |    51 ||   251

Table legend: (Time is in decaauts)
 A = Elapsed time spent in this place.
 B = Non-inter-level travel time spent in this place.
 C = Inter-level travel time spent in this place.
 D = Time resting spent in this place.
 E = Time spent auto-exploring this place.
 F = Levels seen in this place.
 G = Mean time per level.
                   A        B        C        D        E       F      G
               +--------+--------+--------+--------+--------+-----+--------+
         Total |   5927 |   5782 |    145 |    764 |   4219 |   6 |  987.8 |
       Dungeon |   5667 |   5549 |    118 |    764 |   3994 |   5 | 1133.4 |
        Temple |    260 |    234 |     26 |      0 |    225 |   1 |  260.0 |
               +--------+--------+--------+--------+--------+-----+--------+

Top non-repeatable levels by time:
     D:1: 1445 daAuts
     D:3: 1229 daAuts
     D:5: 1030 daAuts
     D:4: 1015 daAuts
     D:2: 946 daAuts
  Temple: 260 daAuts
